 Dungeon Crawl Stone Soup version 0.27-a0-93-g19769c27d7 (webtiles) character file.

Game seed: 17670957216993402874

8546 Essalna the Thaumaturge (level 11, 0/59 HPs)
             Began as a Deep Elf Air Elementalist on Jan 17, 2021.
             Was a Believer of Vehumet.
             Slain by a salamander
             ... wielding a +0 halberd
              (11 damage)
             ... in a volcano.
             The game lasted 00:28:12 (10142 turns).

Essalna the Thaumaturge (DEAE)                     Turns: 10142, Time: 00:28:13

Health: 0/59       AC:  8    Str:  5    XL:     11   Next: 11%
Magic:  4/31       EV: 19    Int: 24    God:    Vehumet [**....]
Gold:   438        SH:  0    Dex: 15    Spells: 31/38 levels left

rFire    + + .     SeeInvis .   n - +1 dagger (venom)
rCold    . . .     Faith    .   (no shield)
rNeg     . . .     Spirit   .   G - +2 robe {Archmagi}
rPois    .         Reflect  .   C - +2 hat
rElec    .         Harm     .   N - scarf {rC+ rF+}
rCorr    .         Rampage  .   B - +0 pair of gloves
Will     ++...                  w - +0 pair of boots of Hedonism {Will+}
Stlth    ++........             p - amulet of magic regeneration
HPRegen  0.19/turn              k - +4 ring of evasion
MPRegen  0.47/turn              u - ring of fire

@: about to teleport
A: no striking features
a: Renounce Religion


You were in a volcano.
You worshipped Vehumet.
Vehumet was pleased with you.
You visited 3 branches of the dungeon, and saw 10 of its levels.
You also visited: Volcano.

You collected 549 gold pieces.
You spent 111 gold pieces at shops.

Inventory:

Hand Weapons
 n - a +1 dagger of venom (weapon)
Armour
 a - a +0 robe
 f - a +0 cloak
 w - the +0 pair of boots of Hedonism (worn) {Will+}
   (You found it on level 5 of the Dungeon)

   It affects your willpower, your defense against some magical effects.
 B - a +0 pair of gloves (worn)
 C - a +2 hat (worn)
 G - a +2 robe of the Archmagi (worn)
 N - a scarf of resistance (worn)
Magical Staves
 E - an uncursed staff of earth
Jewellery
 k - a +4 ring of evasion (left hand)
 p - an amulet of magic regeneration (around neck)
 q - a cursed -4 ring of dexterity
 u - a ring of fire (right hand)
 x - an uncursed ring of poison resistance {unknown}
 y - an uncursed ring of protection from cold
 F - a cursed amulet of inaccuracy {unknown}
 I - a +6 ring of dexterity
Wands
 s - a wand of acid (8)
 D - a wand of flame (18)
 J - a wand of paralysis (8)
Scrolls
 b - a scroll of teleportation
 e - 9 scrolls of identify
 h - a scroll of enchant weapon
 m - 2 scrolls of random uselessness
 K - a scroll of blinking {unknown}
 L - a scroll of remove curse
 M - a scroll of holy word {unknown}
 O - a scroll of enchant armour {unknown}
Potions
 c - 2 potions of berserk rage
 d - 5 potions of curing
 g - 3 potions of mutation
 i - a potion of brilliance {unknown}
 j - 3 potions of attraction {unknown}
 l - 3 potions of cancellation {unknown}
 o - 2 potions of heal wounds {unknown}
 r - 3 potions of might {unknown}
 t - a potion of ambrosia {unknown}
 v - a potion of invisibility {unknown}
 A - a potion of flight {unknown}
 H - a potion of haste {unknown}


   Skills:
 + Level 2.8 Fighting
 + Level 2.7 Armour
 + Level 4.9 Dodging
 - Level 2.4 Stealth
 + Level 14.2 Spellcasting
 - Level 3.0 Conjurations
 + Level 11.5 Air Magic


You had 31 spell levels left.
You knew the following spells:

 Your Spells              Type           Power        Failure   Level
a - Shock                 Conj/Air       100%         1%          1
b - Swiftness             Air            83%          1%          2
c - Airstrike             Air            41%          1%          4

Your spell library contained the following spells:

 Spells                   Type           Power        Failure   Level
 Foxfire                  Conj/Fire      100%         1%          1
 Corpse Rot               Necr/Air       N/A          1%          2
 Static Discharge         Conj/Air       67%          1%          3
 Lightning Bolt           Conj/Air       33%          4%          5
 Olgreb's Toxic Radiance  Pois           25%          34%         4
 Freezing Cloud           Conj/Ice/Air   28%          58%         6


Dungeon Overview and Level Annotations

Branches:
Dungeon (8/15)             Temple (1/1) D:7            Lair (1/6) D:8
Volcano (1/1)

Altars:
Ashenzari
Dithmenos
Fedhas
Gozag
Kikubaaqudgha
Makhleb
Nemelex Xobeh
Okawaru
Qazlal
Trog
Vehumet
Wu Jian
Xom
Yredelemnul
Beogh

Shops:
D:5 }   D:6 *   D:7 [


Message History

Aim: a red draconian, wielding a +0 flail of flaming and wearing a +0 cloak (severely wounded, catching its breath)
You feel a surge of power!
The air twists around and strikes the red draconian!
The red draconian is almost dead.
The red draconian breathes fire at you. The searing blast hits you! You resist.
A salamander comes into view. It is wielding a +0 halberd.
The salamander hits you from afar with a +0 halberd!
* * * LOW HITPOINT WARNING * * *
You are engulfed in flames.
You resist.
* * * LOW HITPOINT WARNING * * *
Found a rocky tunnel leading out of this place.
Casting: Airstrike (safe; 1% risk of failure)
Confirm with . or Enter, or press ? or * to list all spells.
You don't have enough magic to cast that spell.
Okay, then.
As you read the scroll of teleportation, it crumbles to dust.
You feel strangely unstable. The salamander closely misses you.
The salamander hits you from afar with a +0 halberd!
You die...

☼## ###☼☼# ##§≈≈≈##
##≈≈.≈≈≈## #≈§...≈..#
#.......## #...N...# #@.∩...#
###d###### #####
..#.....######......
..........°##...).)$!
....§..≈≈§§§≈........#.##.∩/.
#...§§≈≈≈≈≈§§≈≈......#### [
#....§≈§≈≈≈§§≈≈≈≈.....#
#.....≈§§≈≈§§§≈§.....##
#.....≈§§§≈≈≈§§≈.....#


You could see a red draconian and a salamander.

Vanquished Creatures
  A two-headed ogre (D:8)
  The ghost of waddelsworth the Grappler, a novice TrMo of Wu Jian (D:8)
  The ghost of confidenceinterval the Covered, a novice GnWn of Gozag (D:6)
  A lindwurm (Lair:1)
  Pikel (D:4)
  The ghost of milododd the Skirmisher, a novice FoAK of Lugonu (D:5)
  2 salamanders (Volcano)
  A black mamba (Lair:1)
  2 cane toads (Lair:1)
  Maggie (D:8)
  2 trolls
  A soldier ant (D:6)
  A phantom (D:8)
  A sky beast (D:7)
  2 orc warriors
  A black bear (D:7)
  3 ogres
  4 wolves (D:8)
  A centaur (D:6)
  6 bullfrogs
  A wyvern skeleton (D:7)
  2 scorpions
  A water moccasin skeleton (D:7)
  2 killer bees (D:7)
  3 electric eels
  8 quasits
  A bullfrog zombie (D:5)
  A centaur zombie (D:8)
  3 hounds (D:8)
  A jelly (D:3)
  3 orc priests
  A centaur skeleton (D:5)
  4 iguanas
  3 orc wizards
  5 worker ants
  2 hound zombies
  A howler monkey zombie (D:2)
  8 gnolls
  13 adders
  6 white imps
  4 ufetubi
  An ooze (D:1)
  An adder skeleton (D:7)
  A worm (D:3)
  3 dart slugs
  4 leopard geckos
  24 orcs
  3 ball pythons
  8 bats
  6 giant cockroaches
  6 hobgoblins
  11 jackals
  4 quokkas
  6 frilled lizards
  A giant cockroach zombie (D:5)
  6 goblins
  2 jackal zombies
  10 kobolds
  2 leopard gecko skeletons
  A leopard gecko zombie (D:2)
  7 rats
  A spectral orc (D:8)
215 creatures vanquished.

Notes
Turn   | Place    | Note
-------+----------+-------------------------------------------
     0 | D:1      | Essalna the Deep Elf Air Elementalist began the quest for
                  | the Orb.
     0 | D:1      | Reached XP level 1. HP: 10/10 MP: 6/6
   479 | D:1      | Reached XP level 2. HP: 15/15 MP: 2/8
  1441 | D:2      | Reached XP level 3. HP: 19/19 MP: 5/10
  1820 | D:2      | Reached skill level 4 in Spellcasting
  2205 | D:2      | Found a shadowy altar of Dithmenos.
  2264 | D:2      | Reached XP level 4. HP: 10/24 MP: 3/12
  2729 | D:2      | Learned a level 2 spell: Swiftness
  2734 | D:2      | Learned a level 4 spell: Airstrike
  3207 | D:3      | Reached skill level 5 in Spellcasting
  3207 | D:3      | Reached XP level 5. HP: 28/28 MP: 6/14
  4100 | D:4      | Noticed a lemure
  4102 | D:4      | Noticed a lemure
  4102 | D:4      | Noticed a lemure
  4102 | D:4      | Noticed Pikel
  4105 | D:4      | Noticed a lemure
  4115 | D:4      | Killed Pikel
  4116 | D:4      | Reached skill level 7 in Spellcasting
  4116 | D:4      | Reached XP level 6. HP: 32/32 MP: 3/18
  4116 | D:4      | Reached XP level 7. HP: 36/36 MP: 3/20
  4419 | D:4      | Reached skill level 8 in Spellcasting
  4589 | D:4      | Found a bloodstained altar of Trog.
  4673 | D:4      | Found a blossoming altar of Fedhas.
  4673 | D:4      | Found a broken altar of Ashenzari.
  4985 | D:5      | Entered Level 5 of the Dungeon
  5200 | D:5      | Got a pair of bloodstained boots
  5206 | D:5      | Identified the +0 pair of boots of Hedonism {Will+} (You
                  | found it on level 5 of the Dungeon)
  5259 | D:5      | Reached XP level 8. HP: 41/41 MP: 13/22
  5385 | D:5      | Found an opulent altar of Gozag.
  5421 | D:5      | Found a burning altar of Makhleb.
  5644 | D:5      | Found a transporter.
  5645 | D:5      | Noticed milododd's ghost (novice FoAK)
  5651 | D:5      | Found Ehuuji Xoat's Gadget Boutique.
  5685 | D:5      | Found a transporter.
  5929 | D:6      | Reached skill level 9 in Spellcasting
  6188 | D:6      | Found an ancient bone altar of Kikubaaqudgha.
  6191 | D:6      | Found Pisuysag's Blasphemy Boutique.
  6228 | D:6      | Found a transporter.
  6228 | D:6      | Noticed confidenceinterval's ghost (novice GnWn)
  6262 | D:6      | Found a transporter.
  6397 | D:6      | Identified Sif Muna's Catalogue of Virous Flight
  6506 | D:6      | Noticed a troll
  6510 | D:6      | Killed a troll
  6511 | D:6      | Reached skill level 10 in Spellcasting
  6658 | D:6      | Found a shimmering altar of Xom.
  6770 | D:7      | Found a staircase to the Ecumenical Temple.
  6783 | Temple   | Entered the Ecumenical Temple
  6855 | Temple   | Became a worshipper of Vehumet
  7028 | D:7      | Reached XP level 9. HP: 45/45 MP: 20/25
  7078 | D:7      | Reached skill level 11 in Spellcasting
  7097 | D:7      | Found Mumiec's Antique Armour Emporium.
  7103 | D:7      | Bought a runed robe for 111 gold pieces
  7517 | D:7      | Reached * piety under Vehumet
  7517 | D:7      | Offered knowledge of Magic Dart by Vehumet.
  7919 | D:5      | Killed milododd's ghost
  7920 | D:5      | Reached skill level 12 in Spellcasting
  7920 | D:5      | Reached skill level 10 in Air Magic
  8084 | D:6      | Killed confidenceinterval's ghost
  8092 | D:6      | Reached XP level 10. HP: 43/50 MP: 2/28
  8111 | D:6      | Reached skill level 13 in Spellcasting
  8326 | D:8      | Found a runed translucent gate.
  8326 | D:8      | Noticed waddelsworth's ghost (novice TrMo)
  8327 | D:8      | Found a runed translucent gate.
  8328 | D:8      | Found a runed translucent gate.
  8328 | D:8      | Identified the +8 halberd of Annihilation {protect, rElec
                  | Dex+4 Stlth+}
  8328 | D:8      | Identified the +7 chain mail "Simpecwo" {Dex+4}
  8331 | D:8      | Found a roughly hewn altar of Beogh.
  8610 | D:8      | Found a staircase to the Lair.
  8629 | D:8      | Noticed Maggie
  8633 | D:8      | Killed Maggie
  8775 | D:8      | Noticed a two-headed ogre
  8779 | D:8      | Killed a two-headed ogre
  8780 | D:8      | Reached skill level 1 in Fighting
  8780 | D:8      | Reached skill level 1 in Armour
  8876 | D:8      | Reached ** piety under Vehumet
  8876 | D:8      | Offered knowledge of Foxfire by Vehumet.
  9078 | D:8      | Found a sparkling altar of Nemelex Xobeh.
  9297 | D:8      | Found a basalt altar of Yredelemnul.
  9570 | D:8      | Killed waddelsworth's ghost
  9630 | Lair:1   | Entered Level 1 of the Lair of Beasts
  9659 | Lair:1   | Noticed a cane toad
  9664 | Lair:1   | Killed a cane toad
  9665 | Lair:1   | Reached skill level 14 in Spellcasting
  9678 | Lair:1   | Noticed a black mamba
  9680 | Lair:1   | Noticed a cane toad
  9681 | Lair:1   | Killed a black mamba
  9684 | Lair:1   | Killed a cane toad
  9724 | Lair:1   | Found a dark tunnel.
  9724 | Lair:1   | Noticed a lindwurm
  9728 | Lair:1   | Killed a lindwurm
  9729 | Lair:1   | Reached XP level 11. HP: 36/58 MP: 9/31
  9754 | Volcano  | Entered a volcano
 10105 | Volcano  | Noticed a red draconian
 10142 | Volcano  | Slain by a salamander

Illustrated notes

Levels and vault maps discovered:
D:1:      scummos_arrival_simple_crosswalls, layout_loops_corners,
          minmay_misc_feat_columns, serial_park_tiny_1, minmay_parallelograms,
          minivault_14
D:2:      layout_basic, nicolae_dithmenos_shadow_blocks, serial_undead,
          serial_undead_a, serial_undead_e, serial_undead_a, serial_undead_a,
          kennysheep_generic_room_8
D:3:      layout_rooms, minmay_misc_feat_hallway
D:4:      layout_cave_pods, general_overflow_altar,
          gammafunk_temple_overflow_elements, kennysheep_generic_room_5,
          uniq_pikel
D:5:      layout_loops_cross, bloody_makhleb, old_standard_altar,
          gammafunk_ghost_stat_death, serial_shops,
          nicolae_shop_temple_entry_statues_fountains
D:6:      layout_rooms, lemuel_crystal_altar, gammafunk_ghost_stat_death,
          nicolae_evil_shop
D:7:      layout_cave_pools, minmay_temple_entry_drinking_statues, serial_shops,
          shop, minmay_joined_circles
D:8:      layout_basic, yredelemnul_forgotten_temple_becter,
          kennysheep_mini_moat, erik_lair_island, biasface_ghost_orc_armoury,
          dk_noncrumbling_2, uniq_maggie
Temple:   zaba_magenta_temple
Lair:1:   layout_chaotic_city, nicolae_volcano_entry_vermiform,
          nicolae_quartered_pool_little, cheibrodos_lair_caveside_slide,
          grunt_megastairs_5, minmay_lair_oklob_chamber, serial_bayou_shore_b,
          infiniplex_staircase_pool, lemuel_fruit_fields
Volcano:  volcano_pools

Skill      XL: |  1  2  3  4  5  6  7  8  9 10 |
---------------+-------------------------------+-----
Conjurations   | 2 3 |  3.0
Spellcasting   | 4 5 7 8 10 12 14 | 14.2
Air Magic      | 4 6 8 10 11 | 11.5
Fighting       | 2 |  2.8
Armour         | 2 |  2.7
Dodging        | 4 |  4.9
Stealth        | |  2.4

Action                   |  1- 3 |  4- 6 |  7- 9 | 10-12 || total
-------------------------+-------+-------+-------+-------++-------
Melee: Dagger            |       |       |     8 |    27 ||    35
 Cast: Shock             |    96 |    94 |   118 |    26 ||   334
       Airstrike         |       |     4 |    79 |    81 ||   164
       Swiftness         |       |       |       |     1 ||     1
  Use: Potion            |       |     2 |     1 |     1 ||     4
       Scroll            |       |       |     9 |     2 ||    11
Armor: Robe              |     1 |     2 |    48 |    23 ||    74
Dodge: Dodged            |     6 |    15 |   149 |   108 ||   278

Table legend: (Time is in decaauts)
 A = Elapsed time spent in this place.
 B = Non-inter-level travel time spent in this place.
 C = Inter-level travel time spent in this place.
 D = Time resting spent in this place.
 E = Time spent auto-exploring this place.
 F = Levels seen in this place.
 G = Mean time per level.
                   A        B        C        D        E       F      G
               +--------+--------+--------+--------+--------+-----+--------+
         Total |  10158 |   9434 |    724 |    498 |   7636 |  11 |  923.5 |
       Dungeon |   9558 |   8907 |    651 |    224 |   7510 |   8 | 1194.8 |
        Temple |     89 |     73 |     16 |      0 |     65 |   1 |   89.0 |
          Lair |    123 |     66 |     57 |      0 |      0 |   1 |  123.0 |
       Volcano |    386 |    386 |      0 |    274 |     61 |   1 |  386.0 |
               +--------+--------+--------+--------+--------+-----+--------+

Top non-repeatable levels by time:
     D:2: 1670 daAuts
     D:1: 1436 daAuts
     D:8: 1346 daAuts
     D:5: 1089 daAuts
     D:7: 1070 daAuts
     D:6: 1057 daAuts
     D:3: 991 daAuts
     D:4: 896 daAuts
 Volcano: 386 daAuts
  Lair:1: 123 daAuts
  Temple: 89 daAuts
